 Dungeon Crawl Stone Soup version 0.31.0-1-g2c135a008e (webtiles) character file.

Game seed: 9281902173665623505

284 qw the Shooter (level 6, 0/46 HPs)
             Began as a Djinni Hunter on Jan 23, 2024.
             Slain by an orc
             ... wielding a +0 flail
              (1 damage)
             ... on level 4 of the Dungeon.
             The game lasted 00:00:09 (2256 turns).

qw the Shooter (Djinni Hunter)                      Turns: 2256, Time: 00:00:09

Health: 0/46       AC: 14    Str: 10    XL:     6   Next: 55%
Gold:   186        EV: 11    Int: 13    God:
                   SH:  0    Dex: 18

rFire   + + +        a - +0 shortbow
rCold   x . .        (shield currently unavailable)
rNeg    . . .        d - +5 ring mail of True Grit {rF++ Int+2 Stlth+}
rPois   inf          (no helmet)
rElec   .            (no cloak)
rCorr   .            (no gloves)
SInv    +            (boots unavailable)
Will    .....        (no amulet)
Stlth   ++           j - ring of see invisible
HPRegen 0.27/turn    e - +4 ring of protection
MPRegen 0.00/turn

%: infuse magic (-1 HP)
@: flying
A: sickness immunity, fire resistance 2, cold vulnerability 1, float, innate
caster, HP casting, extra vitality 1
a: no special abilities


You were on level 4 of the Dungeon.
You visited 1 branch of the dungeon, and saw 4 of its levels.

You collected 186 gold pieces.


Innate Abilities, Weirdness & Mutations

You are immune to sickness and miasma.
You are immune to poison.
Your flesh is very heat resistant. (rF++)
You are vulnerable to cold. (rC-)
You float through the air rather than walking.
You learn spells naturally, not from books.
Your magical power is your life essence.
You have superior vitality. (+4 MHP)


   Skills:
 + Level 3.3 Fighting
 - Level 5.2 Ranged Weapons
 - Level 1.4 Armour
 - Level 3.0 Dodging
 - Level 0.7 Stealth


You knew the following spells:

 Your Spells              Type           Power      Damage    Failure   Level
a - Sandblast             Erth           0%         2d4       61%         1
b - Momentum Strike       Conj/Tloc      0%         3d8       75%         2
Your spell library was empty.

Inventory:

Hand Weapons
 a - a +0 shortbow (weapon)
Armour
 d - the +5 ring mail of True Grit (worn) {rF++ Int+2 Stlth+}
   (You found it on level 3 of the Dungeon)

   Int+2:     It affects your intelligence (+2).
   rF++:      It greatly protects you from fire.
   Stlth+:    It makes you more stealthy.
Jewellery
 e - a +4 ring of protection (right hand)
 j - a ring of see invisible (left hand)
 Y - a ring of ice
Potions
 g - 2 potions of might
 h - a potion of haste
 k - a potion of curing
 m - a potion of resistance
 n - a potion of invisibility {unknown}
 p - a potion of attraction {unknown}

Dungeon Overview and Level Annotations

Branches:
Dungeon (4/15)
 Temple: D:4-7

Altars:
Cheibriados
Ru
Trog
Xom


Message History

You shoot an arrow. The arrow barely misses the adder.
The orc hits you but does no damage. The adder bites you but does no damage.
The orc hits you with a +0 flail.
You shoot an arrow. The arrow hits the adder!
The adder is severely wounded.
The adder bites you but does no damage. The adder misses you.
The orc hits you with a +0 flail.
You shoot an arrow. The arrow misses the adder.
The adder barely misses you. The orc closely misses you.
The adder barely misses you.
You shoot an arrow.
The arrow hits the adder but does no damage.
The adder is severely wounded.
The adder bites you. The orc barely misses you.
The adder bites you but does no damage.
You shoot an arrow.
The arrow hits the adder but does no damage.
The adder is severely wounded.
The orc hits you but does no damage. The adder bites you but does no damage.
The orc hits you with a +0 flail.
You shoot an arrow. The arrow barely misses the adder.
The adder bites you but does no damage. The orc closely misses you.
The adder closely misses you.
You shoot an arrow. The arrow hits the adder.
You kill the adder!
The orc barely misses you.
You shoot an arrow.
The arrow hits the orc but does no damage.
The orc hits you but does no damage.
You shoot an arrow. The arrow hits the orc.
The orc is moderately wounded.
The orc barely misses you. x2
You shoot an arrow. The arrow hits the orc.
The orc is heavily wounded.
The orc hits you with a +0 flail!
You shoot an arrow.
The arrow hits the orc but does no damage.
The orc is heavily wounded.
The orc hits you with a +0 flail.
You die...

# .# # .# ..
#.##..#
#.######.......
#.....o.)....##
#)@).....#
#.))..##..
...........
#..##)..###.
#.. (#..# ..#
###.# ... >.
...# ##


You could see an orc.

Vanquished Creatures
  An ogre (D:4)
  A bombardier beetle (D:3)
  A hound (D:3)
  5 adders
  A gnoll (D:1)
  6 dart slugs
  A ribbon worm (D:2)
  4 orcs
  3 bats
  7 endoplasms
  A giant cockroach (D:2)
  5 goblins
  4 hobgoblins (D:1)
  4 quokkas
  4 ball pythons
  3 frilled lizards
  9 kobolds
  8 rats
68 creatures vanquished.

Notes
Turn   | Place    | Note
-------+----------+-------------------------------------------
     0 | D:1      | qw the Djinni Hunter began the quest for the Orb.
     0 | D:1      | Reached XP level 1. HP: 18/18 MP: 0/0
     0 | D:1      | 0 ||| qw: Version: 0.3-a-136-gdd3b4e8
     0 | D:1      | 0 ||| qw: Game counter: 1082
     0 | D:1      | 0 ||| qw: Melee chars always use a shield: true
     0 | D:1      | 0 ||| qw: God list: Okawaru
     0 | D:1      | 0 ||| qw: Allow faded altars: false
     0 | D:1      | 0 ||| qw: Do Orc after clearing Dungeon:15 true
     0 | D:1      | 0 ||| qw: Do second Lair branch before Depths: true
     0 | D:1      | 0 ||| qw: Lair rune preference: random
     0 | D:1      | 0 ||| qw: Goals: Normal
     0 | D:1      | 0 ||| PLANNING D:1-11
    36 | D:1      | Reached XP level 2. HP: 22/23 MP: 0/0
   131 | D:1      | Reached skill level 4 in Ranged Weapons
   131 | D:1      | Reached XP level 3. HP: 28/28 MP: 0/0
   131 | D:1      | Learned a level 1 spell: Sandblast
   488 | D:1      | 488 ||| DROPPING scarf of shadows.
   489 | D:1      | 489 ||| UPGRADING to ring of ice.
   490 | D:1      | 490 ||| UPGRADING to +4 ring of protection.
   491 | D:1      | 491 ||| READING scroll labelled RUIGUE CEFIOTS.
   592 | D:1      | 592 ||| DROPPING scroll of butterflies.
   672 | D:2      | Reached skill level 3 in Fighting
   672 | D:2      | Reached XP level 4. HP: 31/35 MP: 0/0
   923 | D:2      | Found a faded altar of an unknown god.
  1003 | D:2      | Reached skill level 3 in Dodging
  1223 | D:2      | 1223 ||| UPGRADING to ring of see invisible.
  1225 | D:2      | 1225 ||| READING scroll labelled QECWOPT VUSOUT.
  1326 | D:2      | 1326 ||| READING scroll labelled TOCOVOALYPN.
  1330 | D:2      | 1330 ||| DRINKING 2 ruby potions.
  1331 | D:2      | 1331 ||| DRINKING 3 fizzy brown potions.
  1357 | D:3      | Reached XP level 5. HP: 33/40 MP: 0/0
  1357 | D:3      | Learned a level 2 spell: Momentum Strike
  1441 | D:3      | Identified the +5 ring mail of True Grit {rF++ Int+2
                  | Stlth+}
  1521 | D:3      | Found a snail-covered altar of Cheibriados.
  1528 | D:3      | Found a shimmering altar of Xom.
  1529 | D:3      | Found a sacrificial altar of Ru.
  1638 | D:3      | Found a bloodstained altar of Trog.
  2123 | D:3      | 2123 ||| UPGRADING to +5 ring mail of True Grit {rF++ Int+2
                  | Stlth+}.
  2133 | D:3      | 2133 ||| DROPPING +0 leather armour.
  2134 | D:3      | 2134 ||| READING 3 scrolls labelled GED JIYBEIXT.
  2134 | D:3      | 2134 ||| IDENTIFYING fizzy silvery potion
  2135 | D:3      | 2135 ||| READING 2 scrolls of identify.
  2135 | D:3      | 2135 ||| IDENTIFYING brown potion
  2136 | D:3      | 2136 ||| READING scroll of identify.
  2136 | D:3      | 2136 ||| IDENTIFYING fizzy blue potion
  2137 | D:3      | 2137 ||| READING 2 scrolls labelled UFRYGEUBYPP.
  2138 | D:3      | 2138 ||| READING scroll labelled UMURANALUL.
  2139 | D:3      | 2139 ||| DRINKING 2 viscous amethyst potions.
  2140 | D:3      | 2140 ||| DROPPING potion of berserk rage.
  2141 | D:3      | 2141 ||| DROPPING scroll of revelation.
  2182 | D:4      | Noticed an ogre
  2183 | D:4      | 2183 ||| PLANNING OSSUARY
  2183 | D:4      | 2183 ||| STAIRDANCE
  2191 | D:3      | Reached skill level 1 in Armour
  2216 | D:4      | HP: 9/40 [ogre/+0 giant spiked club (31)]
  2217 | D:4      | 2217 ||| DRINKING 2 potions of heal wounds.
  2221 | D:4      | 2221 ||| DRINKING potion of heal wounds.
  2230 | D:4      | Killed an ogre
  2231 | D:4      | Reached skill level 5 in Ranged Weapons
  2231 | D:4      | Reached XP level 6. HP: 18/46 MP: 0/0
  2233 | D:4      | HP: 11/46 [orc/+0 club (3)]
  2246 | D:4      | HP: 11/46 [orc/+0 flail (2)]
  2255 | D:4      | HP: 1/46 [orc/+0 flail (7)]
  2256 | D:4      | Slain by an orc

Levels and vault maps discovered:
D:1:      wheals_arrival_shading, layout_rooms, amcnicky_mini_pool_small,
          minmay_tromino_v4_a
D:2:      layout_loops_ring, hellmonk_ecumenical_altar_pennies_from_heaven
D:3:      layout_loops_ring, hellmonk_overflow_destroyed_library,
          old_standard_altar, nicolae_overflow_hidden_temple,
          hangedman_decor_riveting, minmay_pentangle
D:4:      layout_rooms, minmay_temple_entry_proselytizer,
          mainiacjoe_ossuary_entry_find_the_door, minmay_misc_feat_four_crosses,
          roderic_serpentine_path, nicolae_twisty_statue_hallways

Skill      XL: |  1  2  3  4  5 |
---------------+----------------+-----
Ranged Weapons | 4 5 |  5.2
Fighting       | 3 |  3.3
Dodging        | 3 |  3.0
Armour         | 1 |  1.4
Stealth        | |  0.7

Action                     |  1- 3 |  4- 6 || total
---------------------------+-------+-------++-------
   Fire: Shortbow          |    73 |   126 ||   199
    Use: Scroll            |     1 |     7 ||     8
         Potion            |       |     5 ||     5
 Armour: Leather armour    |    15 |    21 ||    36
         Ring mail         |       |    81 ||    81
  Dodge: Dodged            |    23 |   118 ||   141

Table legend:
 A = Non-vault XP
 B = Vault XP
 C = Vault XP percentage of total XP
 D = Non-vault monster count
 E = Vault monster count
 F = Vault count percentage of total count
                 A         B        C        D         E       F
            +---------+---------+-------+---------+---------+-------
      Total |     371 |      36 |   8.8 |      54 |      14 |  20.6
            +---------+---------+-------+---------+---------+-------
        D:1 |      50 |       9 |  15.3 |      20 |       4 |  16.7
        D:2 |      67 |       0 |   0.0 |      17 |       0 |   0.0
        D:3 |     105 |      27 |  20.5 |      11 |      10 |  47.6
        D:4 |     149 |       0 |   0.0 |       6 |       0 |   0.0
            +---------+---------+-------+---------+---------+-------
